 Dungeon Crawl Stone Soup version 0.28.0-53-g5a82cb258f (webtiles) character file.

Game seed: 12853374491099913705

125 RobertSmithOfTheCure the Cudgeller (level 5, 0/32 HPs)
             Began as a Gargoyle Fighter on Aug 13, 2022.
             Killed from afar by Natasha (9 damage)
             ... with a magic dart
             ... on level 2 of the Dungeon.
             The game lasted 00:08:29 (1500 turns).

RobertSmithOfTheCure the Cudgeller (GrFi)           Turns: 1500, Time: 00:08:30

Health: 0/32       AC: 16    Str: 20    XL:     5   Next: 9%
Magic:  5/5        EV:  7    Int:  8    God:
Gold:   143        SH:  4    Dex: 11    Spells: 4/4 levels left

rFire   . . .      SeeInvis +   a - +0 flail
rCold   . . .      Faith    .   c - +0 buckler
rNeg    + . .      Spirit   .   g - +0 chain mail
rPois   ∞          Reflect  .   e - +2 hat {SInv}
rElec   +          Harm     .   (no cloak)
rCorr   .          Rampage  .   (no gloves)
Will    .....                   k - +0 pair of boots
Stlth   ..........              (no amulet)
HPRegen 0.10/turn               (no ring)
MPRegen 0.09/turn               (no ring)

@: slowed, very slow
A: sickness immunity, AC +4, negative energy resistance 1, electricity
resistance, torment resistance 1, petrification resistance
a: no special abilities


You were on level 2 of the Dungeon.
You visited 1 branch of the dungeon, and saw 2 of its levels.

You collected 143 gold pieces.

Inventory:

Hand Weapons
 a - a +0 flail (weapon)
Missiles
 b - 22 arrows
 f - 10 bolts
Armour
 c - a +0 buckler (worn)
 e - a +2 hat of see invisible (worn)
 g - a +0 chain mail (worn)
 k - a +0 pair of boots (worn)
Magical Staves
 j - a staff of conjuration
Wands
 l - a wand of polymorph (9)
Scrolls
 d - a scroll of teleportation {unknown}
 h - a scroll of torment {unknown}
 i - a scroll of fog {unknown}


   Skills:
 - Level 3.2 Fighting
 + Level 5.0 Maces & Flails
 - Level 3.2 Armour
 + Level 0.6 Stealth
 - Level 3.2 Shields


You had 4 spell levels left.
You didn't know any spells.
Your spell library contained the following spells:

 Spells                   Type           Power      Damage    Failure   Level
 Blink                    Tloc           0%         N/A       100%        2
 Manifold Assault         Tloc           0%         N/A       100%        5
 Storm Form               Tmut/Air       0%         N/A       100%        7


Dungeon Overview and Level Annotations

Branches:
Dungeon (2/15)

Altars:

Shops:
D:1 *

Annotations:
D:2 Natasha


Innate Abilities, Weirdness & Mutations

You are immune to sickness and miasma.
Your stone body is resilient. (AC +4)
You are immune to poison.
You resist negative energy. (rN+)
You are resistant to electric shocks. (rElec)
You are resistant to unholy torment.
You are immune to petrification.


Message History

You hit Natasha.
Natasha is almost dead.
Natasha claws you but does no damage.
The shadow imp hits you but does no damage.
Natasha claws you but does no damage. The shadow imp barely misses you.
You hit Natasha but do no damage.
Natasha is almost dead.
Natasha casts a spell.
The shadow imp hits you.
You hit Natasha but do no damage.
Natasha is almost dead.
Natasha closely misses you.
The shadow imp hits you but does no damage.
Natasha howls an incantation.
Natasha's front paws start to glow.
Natasha drinks a potion.
Natasha is healed!
The shadow imp barely misses you.
You aren't carrying any potions.
You barely miss Natasha.
Natasha stares at you and mumbles some strange words.
You feel as though you will be slow longer.
The shadow imp hits you but does no damage.
The shadow imp barely misses you. Natasha claws you.
You barely miss Natasha.
The shadow imp disappears in a puff of smoke!
Natasha barely misses you.
You closely miss Natasha.
Natasha casts a spell.
Natasha casts a spell at you.
The magic dart hits you but does no damage.
You barely miss Natasha. Natasha barely misses you.
The white imp hits you but does no damage.
Natasha claws you but does no damage.
You barely miss Natasha.
The white imp disappears in a puff of smoke!
The white imp gestures at you. The puff of frost hits you! Natasha claws you.
* * * LOW HITPOINT WARNING * * *
The white imp hits you but does no damage.
Natasha casts a spell at you. The magic dart hits you!
You die...

#.##. ### #..# #. #.....
#..###. #.##..####
#####......
######.##.....#####...###.#..
#...†..# #............# #.#..
#.####.# ####.#####...# #.#..
#.# #.# #5# ##.## #.#.. #.#
#.######h######.####.#.. #.#
#.>...5@.......(....r).. #.#
#######>#######......#.. #.#
#.# ########.# #.# #.# #.#
#.# #.# ##.# #.# #.# #..# #.#
#.# #..# #.# #.# #... #.# #.#
######..#


You could see Natasha, a white imp (summoned) and a shadow imp (summoned).

Vanquished Creatures
  Natasha (twice) (D:2)
  Robin (D:2)
  An adder (D:2)
  A dart slug (D:1)
  2 ball pythons
  2 endoplasms (D:2)
  4 giant cockroaches
  13 goblins
  8 hobgoblins
  4 jackals (D:1)
  2 kobolds (D:1)
  2 quokkas
  3 bats
  5 rats
50 creatures vanquished.

Notes
Turn   | Place    | Note
-------+----------+-------------------------------------------
     0 | D:1      | RobertSmithOfTheCure the Gargoyle Fighter began the quest
                  | for the Orb.
     0 | D:1      | Reached XP level 1. HP: 14/14 MP: 1/1
   123 | D:1      | Reached XP level 2. HP: 19/19 MP: 2/2
   299 | D:1      | Reached skill level 3 in Maces & Flails
   344 | D:1      | Found Dioq's General Store.
   550 | D:1      | Reached XP level 3. HP: 23/23 MP: 3/3
   825 | D:2      | Noticed Natasha
   831 | D:2      | Killed Natasha
   832 | D:2      | Reached skill level 4 in Maces & Flails
  1044 | D:2      | Reached XP level 4. HP: 28/28 MP: 4/4
  1047 | D:2      | Noticed Natasha
  1051 | D:2      | Killed Natasha
  1111 | D:2      | Noticed Robin
  1118 | D:2      | Killed Robin
  1235 | D:2      | Reached skill level 5 in Maces & Flails
  1235 | D:2      | Reached XP level 5. HP: 31/32 MP: 5/5
  1404 | D:2      | Found a faded altar of an unknown god.
  1481 | D:2      | Noticed Natasha
  1500 | D:2      | Killed from afar by Natasha

Illustrated notes

Levels and vault maps discovered:
D:1:      minmay_arrival_radiant_lines, layout_basic, serial_shops,
          nicolae_shop_trees
D:2:      layout_loops_ring, basic_altar,
          dreamdust_ecumenical_altar_angels_and_demons, kennysheep_path_1,
          uniq_natasha, uniq_robin

Skill      XL: |  1  2  3  4 |
---------------+-------------+-----
Maces & Flails | 3 4 5 |  5.0
Fighting       | |  3.2
Armour         | |  3.2
Stealth        | |  0.6
Shields        | |  3.2

Action                   |  1- 3 |  4- 6 || total
-------------------------+-------+-------++-------
Melee: Flail             |   101 |    62 ||   163
  Use: Scroll            |     4 |       ||     4
       Potion            |       |     1 ||     1
Armor: Scale mail        |    42 |       ||    42
       Chain mail        |    38 |    51 ||    89
       Ring mail         |     1 |       ||     1
Dodge: Dodged            |    52 |    19 ||    71
Block: Buckler           |    23 |     8 ||    31
